 Dungeon Crawl Stone Soup version 0.20.1-1-g8b1a95d (webtiles) character file.

91 letownia2 the Grave Robber (level 4, 0/36 HPs)
             Began as a Deep Dwarf Necromancer on Nov 20, 2017.
             Slain by a leopard gecko (3 damage)
             ... on level 3 of the Dungeon.
             The game lasted 00:03:53 (1159 turns).

letownia2 the Grave Robber (Deep Dwarf Necromancer) Turns: 1159, Time: 00:03:54

Health: 0/36       AC:  1    Str: 10      XL:     4   Next: 34%
Magic:  0/8        EV: 12    Int: 16      God:
Gold:   21         SH:  0    Dex: 12 (13) Spells: 5/9 levels left

rFire    . . .     SeeInvis .   a - +0 dagger (venom)
rCold    . . .     Gourm    .   (no shield)
rNeg     . . .     Faith    .   e - +0 leather armour
rPois    .         Spirit   .   (no helmet)
rElec    .         Reflect  .   (no cloak)
rCorr    .         Harm     .   (no gloves)
MR       .....     Clarity  +   (no boots)
Stlth    ++........             (no amulet)
Regen    0.0/turn               (no ring)
MPRegen  0.2/turn               (no ring)

@: non-regenerating
A: damage resistance, heal wounds, clarity, deformed body, deterioration 1,
sense surroundings 1, weak 1, no regeneration
a: Heal Wounds


You were on level 3 of the Dungeon.
You were not hungry.

You visited 1 branch of the dungeon, and saw 3 of its levels.

You collected 21 gold pieces.

Inventory:

Hand Weapons
 a - a +0 dagger of venom (weapon)
Missiles
 i - 2 poisoned tomahawks (quivered)
Armour
 e - a +0 leather armour (worn)
 k - a +0 scale mail
 l - a +0 robe
Scrolls
 f - a scroll of remove curse {unknown}
 j - a scroll of blinking {unknown}
Books
 b - a book of Necromancy

   Spells                             Type                      Level
   a - Pain                           Necromancy                   1
   b - Animate Skeleton               Necromancy                   1
   c - Vampiric Draining              Necromancy                   3
   d - Regeneration                   Charms/Necromancy            3
   e - Animate Dead                   Necromancy                   4
   f - Control Undead                 Necromancy                   4
Comestibles
 c - a bread ration
 h - a chunk of flesh


   Skills:
 - Level 2.3 Dodging
 - Level 2.4 Stealth
 + Level 3.0 Spellcasting
 + Level 5.4 Necromancy


You had 5 spell levels left.
You knew the following spells:

 Your Spells              Type           Power        Failure   Level  Hunger
a - Pain                  Necr           ###.         2%          1    #......
v - Vampiric Draining     Necr           ###.......   8%          3    ###....


Dungeon Overview and Level Annotations

Branches:
Dungeon (3/15)

Altars:


Innate Abilities, Weirdness & Mutations

You are resistant to damage.
You can heal yourself by infusing magical energy.
You passively map a small area around you.
You do not regenerate.
You possess an exceptional clarity of mind.
Armour fits poorly on your strangely shaped body.
Your body sometimes deteriorates upon taking damage.
You are weak. (Str -2)


Message History

Things that are here:
a robe; a dagger The leopard gecko bites you.
* * * LOW HITPOINT WARNING * * *
Casting: Pain
Confirm with . or Enter, or press ? or * to list all spells.
Aiming: Vampiric Draining
Press: ? - help, Shift-Dir - straight line, f - leopard gecko
Aim: a leopard gecko (clinging)
The leopard gecko is heavily wounded.
You feel life coursing into your body. The leopard gecko barely misses you.
Unknown command.
You miss the leopard gecko.
The leopard gecko is heavily wounded.
The leopard gecko bites you.
Unknown command.
You completely miss the leopard gecko.
The leopard gecko is heavily wounded.
The leopard gecko bites you.
You die...

# #.# ,## *
#.#######.####.... *
* ...<......[....#**
* *
#o########.####### *
, # * ###h..h...# *
* **.......#####.# *
, ,*
.#####.#####.###.# *
#...........# ,*
###.#.#@###.# # *
#.#.#l# ...,
.######.#.#[###.....
* *
.....$.?...[<.......
* *
.######.#.#.###.....
* #.#.#.# *, ...
#.#.#.# , . * * *
#...... , , ***
#####.# * ,


You could see a leopard gecko.

Vanquished Creatures
  A hound (D:3)
  An orc wizard (D:3)
  An adder (D:2)
  An ooze (D:1)
  6 orcs
  A giant cockroach (D:2)
  2 hobgoblins (D:2)
  2 jackals
  A kobold (D:1)
  A quokka (D:2)
  2 bats (D:1)
  2 rats (D:1)
21 creatures vanquished.

Notes
Turn   | Place    | Note
-------+----------+-------------------------------------------
     0 | D:1      | letownia2 the Deep Dwarf Necromancer began the quest for the Orb.
     0 | D:1      | Reached XP level 1. HP: 15/15 MP: 3/3
   222 | D:1      | Reached XP level 2. HP: 8/22 MP: 1/4
   607 | D:2      | Reached skill level 5 in Necromancy
   831 | D:3      | Reached XP level 3. HP: 6/28 MP: 3/6
   837 | D:3      | Gained mutation: Your body sometimes deteriorates upon taking damage. [potion of mutation]
   837 | D:3      | Gained mutation: You are weak. (Str -2) [potion of mutation]
   837 | D:3      | Gained mutation: Armour fits poorly on your strangely shaped body. [potion of mutation]
   837 | D:3      | Gained mutation: You possess an exceptional clarity of mind. [potion of mutation]
   867 | D:2      | Learned a level 3 spell: Vampiric Draining
  1133 | D:3      | Reached XP level 4. HP: 5/36 MP: 0/8
  1155 | D:3      | HP: 1/36 [leopard gecko (2)]
  1159 | D:3      | Slain by a leopard gecko

Skill      XL: |  1  2  3 |
---------------+----------+-----
Spellcasting   | 2 3 |  3.0
Necromancy     | 5 |  5.4
Dodging        | |  2.3
Stealth        | |  2.4

Action                   |  1- 3 |  4- 6 || total
-------------------------+-------+-------++-------
Melee: Unarmed           |    12 |       ||    12
       Dagger            |    12 |     2 ||    14
Throw: Tomahawk          |     2 |       ||     2
 Cast: Pain              |    33 |     1 ||    34
       Vampiric Draining |     6 |     1 ||     7
  Use: Potion            |     2 |       ||     2
  Eat: Chunk             |     2 |       ||     2
Armor: Robe              |     4 |       ||     4
       Leather armour    |     3 |       ||     3
Dodge: Dodged            |    44 |     5 ||    49
